AoeStats
← brentwinslow93

Arabia

510905455Analyzed
1v1 RM · 14h ago on Oct 3, 2026· 52m 15s· 2 players
Game mode
Random Map
Map size
Tiny (2 player)
Population
200
Speed
Normal
Resources
Standard
Victory
Conquest
Starting age
Dark Age
Ending age
Imperial Age
RankedLock teamsTeams togetherTeam positionsShared explorationLock speedFull tech treeHidden civsTurbo modeCheats
Victory
Defeat
🇺🇸 Cumans · United States
734
+18
🇺🇸 Mongols · United States
776
-42
brentwinslow93
5:58 Loom
8:52 Feudal Age
9:53 Double-Bit Axe
25:17 Castle Age
24:46 Gold Mining
25:51 Elite Skirmisher
27:04 Bow Saw
28:02 Horse Collar
30:05 Gold Shaft Mining
32:44 Stone Mining
36:05 Stone Shaft Mining
36:53 Ballistics
39:42 Imperial Age
38:46 Bloodlines
38:47 Scale Barding Armor
38:48 Padded Archer Armor
42:17 Elite Mangudai
43:38 Onager
44:50 Husbandry
45:20 Chain Barding Armor
48:04 Siege Onager
50:59 Pikeman
Sir Melcom
8:52 Feudal Age
7:53 Loom
18:49 Fletching
29:50 Castle Age
29:06 Wheelbarrow
29:04 Double-Bit Axe
30:15 Bloodlines
29:50 Horse Collar
30:42 Bow Saw
30:37 Heavy Plow
32:27 Scale Barding Armor
32:46 Hand Cart
34:45 Gold Mining
36:19 Chain Barding Armor
38:05 Town Watch
38:15 Town Watch
40:58 Forging
44:16 Imperial Age
42:33 Gold Shaft Mining
44:20 Cavalier
45:38 Plate Barding Armor
45:42 Iron Casting
46:15 Two-Man Saw
45:53 Crop Rotation
46:33 Chemistry
45:48 Paladin
Connection lost

Rejoining the realm…

Still unreachable

The connection could not be restored.

Session expired

The server has moved on; the page needs a fresh start.